 Dungeon Crawl Stone Soup version 0.21.1-1-g345015f (webtiles) character file.

38 inc the Scratcher (level 3, 0/17 HPs)
             Began as a Felid Monk on Mar 7, 2018.
             Slain by a worker ant (8 damage)
             ... on level 4 of the Dungeon.
             The game lasted 00:01:47 (1860 turns).

inc the Scratcher (Felid Monk)                      Turns: 1860, Time: 00:01:48

Health: 0/17       AC:  1    Str:  4 (7)  XL:     3   Next: 25%
Magic:  4/4        EV: 19    Int: 10 (12) God:
Gold:   84         SH:  0    Dex: 15 (18) Spells: 2/2 levels left
                                        Lives:  0   Deaths: 0

rFire    . . .     SeeInvis +     - Unarmed
rCold    . . .     Gourm    .   (shield unavailable)
rNeg     . . .     Faith    .   (armour unavailable)
rPois    .         Spirit   .   (helmet unavailable)
rElec    .         Reflect  .   (cloak unavailable)
rCorr    .         Harm     .   (gloves unavailable)
MR       .....                  (boots unavailable)
Stlth    +++.......             (no amulet)
HPRegen  0.05/turn              (no ring)
MPRegen  0.09/turn              (no ring)

@: quick
A: very small, no armour, no weapons or thrown items, stealth, claws 1, fangs 3,
see invisible, carnivore, speed 1, shaggy fur 1, slow metabolism 1, sharp paws
a: no special abilities


You were on level 4 of the Dungeon.
You were not hungry.

You visited 1 branch of the dungeon, and saw 4 of its levels.

You collected 84 gold pieces.

Inventory:

Scrolls
 c - a scroll of identify {unknown}
 d - a scroll of remove curse {unknown}
 e - 2 scrolls of teleportation {unknown}
 f - a scroll of noise {unknown}
Comestibles
 a - 3 rations


   Skills:
 - Level 3.0 Fighting
 - Level 4.0 Dodging
 - Level 2.6 Stealth
 + Level 4.4 Unarmed Combat


You had 2 spell levels left.
You didn't know any spells.

Dungeon Overview and Level Annotations

Branches:
Dungeon (4/15)
 Temple: D:4-7

Altars:
Wu Jian

Annotations:
D:2 Robin


Innate Abilities, Weirdness & Mutations

You cannot wear armour.
You are incapable of wielding weapons or throwing items.
Your paws allow you to move quietly. (Stealth)
You have sharp claws.
You have razor-sharp teeth.
You have supernaturally acute eyesight. (SInv)
You are carnivorous and can eat meat at any time.
You cover ground quickly.
You are covered in fur. (AC +1)
You have a slow metabolism.
Your sharp claws are effective at attacking unaware monsters.


Message History

You hear the sound of rushing water.
There is an entrance to a sewer on this level.
Hurry and find it before the portal rusts away!
An adder zombie comes into view.
Found a ration and a ring mail.
Found an escape hatch in the floor.
Found a stone staircase leading down.
There is a stone staircase leading up here.
You start resting.
You hear the slow rusting of a very distant drain.
Okay, then.
You eat one of the 4 rations.
That ration really hit the spot!
You start resting.
A worker ant comes into view.
You hear the slow rusting of a very distant drain.
You are too injured to fight recklessly!
You are too injured to fight recklessly!
You are too injured to fight recklessly!
You barely miss the worker ant.
The worker ant twitches its antennae in your direction.
The worker ant bites you!
You die...

# ####### ..#
##.....##..#
#......a#..### #.
###@......#
.##..#......[#.#
.......#...#.#.####
###...............#
#........<#...
#...####.......Z#
#... #...>...%.
#... ##.......#
#... #.......#


You could see a worker ant.

Vanquished Creatures
  An adder (D:3)
  A worm (D:3)
  A leopard gecko (D:1)
  2 giant cockroaches (D:2)
  7 goblins
  4 hobgoblins (D:2)
  3 frilled lizards
  2 kobolds
  4 rats
25 creatures vanquished.

Notes
Turn   | Place    | Note
-------+----------+-------------------------------------------
     0 | D:1      | inc the Felid Monk began the quest for the Orb.
     0 | D:1      | Reached XP level 1. HP: 10/10 MP: 2/2
   716 | D:2      | Reached XP level 2. HP: 12/14 MP: 3/3
   820 | D:2      | Found an ornate altar of the Wu Jian Council.
  1490 | D:2      | Noticed Robin
  1683 | D:3      | Noticed a hungry ghost
  1684 | D:3      | Reached XP level 3. HP: 17/17 MP: 4/4
  1860 | D:4      | Slain by a worker ant

Skill      XL: |  1  2 |
---------------+-------+-----
Unarmed Combat | 4 |  4.4
Fighting       | |  3.0
Dodging        | |  4.0
Stealth        | |  2.6

Action                   || total
-------------------------++-------
Melee: Unarmed           ||    81
       Bite              ||     3
       Punch             ||     1
  Use: Potion            ||     1
 Stab: Sleeping          ||     5
  Eat: Ration            ||     1
Armor: Skin              ||     2
Dodge: Dodged            ||    53
